 Dungeon Crawl Stone Soup version 0.31.0-11-ge490571c62 (webtiles) character file.

Game seed: 6468441823145817577

225 qw the Shooter (level 5, -2/26 HPs)
             Began as a Spriggan Hunter on Feb 4, 2024.
             Incinerated by a bombardier beetle (4 damage)
             ... with a burning spray
             ... on level 4 of the Dungeon.
             The game lasted 00:00:15 (2389 turns).

qw the Shooter (Spriggan Hunter)                    Turns: 2389, Time: 00:00:15

Health: -2/26      AC:  2    Str:  7    XL:     5   Next: 68%
Magic:  6/6        EV: 20    Int: 10    God:
Gold:   131        SH:  5    Dex: 21    Spells: 4/4 levels left

rFire   . . .        a - +0 shortbow (drain)
rCold   . . .        (shield currently unavailable)
rNeg    . . .        c - +0 robe
rPois   .            (helmet restricted)
rElec   .            (no cloak)
rCorr   .            (gloves unavailable)
SInv    +            (boots unavailable)
Will    .....        d - amulet of reflection
Stlth   +            (no ring)
HPRegen 0.24/turn    (no ring)
MPRegen 0.10/turn

%: reflection
@: on fire, glowing, very quick
A: very small, no large weapons, unfitting armour, see invisible, speed 3
a: no special abilities


You were on level 4 of the Dungeon.
You visited 1 branch of the dungeon, and saw 4 of its levels.

You collected 131 gold pieces.


Innate Abilities, Weirdness & Mutations

You are very small and have problems with some larger weapons.
You are too small for most types of armour.
You have supernaturally acute eyesight. (SInv)
You cover ground extremely quickly. (Speed+++)


   Skills:
 - Level 2.2 Fighting
 + Level 5.8 Ranged Weapons
 - Level 5.0 Dodging
 - Level 1.5 Stealth


You had 4 spell levels left.
You didn't know any spells.
Your spell library was empty.

Inventory:

Hand Weapons
 a - a +0 shortbow of draining (weapon)
Armour
 c - a +0 robe (worn)
Jewellery
 d - an amulet of reflection (around neck)
Scrolls
 h - a scroll of teleportation
Potions
 b - 2 potions of curing
 f - a potion of brilliance {unknown}
 i - a potion of might

Dungeon Overview and Level Annotations

Branches:
Dungeon (4/15)
 Temple: D:4-7

Altars:


Message History

Your extra speed is starting to run out.
You feel yourself slow down.
A bombardier beetle comes into view.
Enter note:
Enter note: You shoot an arrow.
The arrow hits the bombardier beetle but does no damage.
You shoot an arrow. The arrow hits the bombardier beetle.
You drain the bombardier beetle.
The bombardier beetle is lightly wounded.
You shoot an arrow.
The arrow barely misses the bombardier beetle.
You shoot an arrow. The arrow hits the bombardier beetle!
The bombardier beetle is severely wounded.
You shoot an arrow.
The arrow hits the bombardier beetle but does no damage.
The bombardier beetle is severely wounded.
The bombardier beetle sprays incendiary fluid at you.
The burning spray hits you.
You are covered in liquid fire!
You shoot an arrow.
The arrow barely misses the bombardier beetle.
The liquid fire burns you!
You shoot an arrow. The arrow hits the bombardier beetle.
You drain the bombardier beetle.
You kill the bombardier beetle!
The liquid fire burns you!
You are on fire!
The liquid fire burns you!
You are on fire!
The liquid fire burns you!
You are on fire!
The liquid fire burns you!
You are on fire!
The liquid fire burns you!
You are on fire!
The liquid fire burns you!
You are on fire!
The liquid fire burns you!
You die...

#.# #.##.####. #.#
#.##)# #.
####.####.##.####. #
#.......#.##...... #.
#.##..#.#.##....). #..
#.###.#.#.##)...). #...
#.# #...#.#...##.#
#....#.#####.#.#...##.#
#....%@........#...##..
###..........###...##.#
#.##.#####.####'#####
#. #.# #............. #
#.# #.#.#.##..#### #.#
#.#.#.##..####
#.###.#.#.#.......
#.........#.#....#
###.#.#.....##.#


There were no monsters in sight!

Vanquished Creatures
  A scorpion (D:4)
  A bombardier beetle (D:4)
  An orc priest (D:4)
  3 adders
  A dart slug (D:3)
  2 ribbon worms
  7 orcs
  2 ball pythons (D:2)
  5 bats
  5 endoplasms
  8 goblins
  5 hobgoblins
  11 jackals
  3 kobolds
  3 quokkas
  3 frilled lizards (D:2)
  5 rats
66 creatures vanquished.

Notes
Turn   | Place    | Note
-------+----------+-------------------------------------------
     0 | D:1      | qw the Spriggan Hunter began the quest for the Orb.
     0 | D:1      | Reached XP level 1. HP: 10/10 MP: 2/2
     0 | D:1      | 0 ||| qw: Version: 0.3-a-160-g6735b56
     0 | D:1      | 0 ||| qw: Game counter: 5950
     0 | D:1      | 0 ||| qw: Melee chars always use a shield: true
     0 | D:1      | 0 ||| qw: God list: Okawaru
     0 | D:1      | 0 ||| qw: Allow faded altars: false
     0 | D:1      | 0 ||| qw: Do Orc after clearing Dungeon:15 true
     0 | D:1      | 0 ||| qw: Do second Lair branch before Depths: true
     0 | D:1      | 0 ||| qw: Lair rune preference: random
     0 | D:1      | 0 ||| qw: Goals: Normal
     0 | D:1      | 0 ||| PLANNING D:1-11
    24 | D:1      | Reached skill level 3 in Dodging
    76 | D:1      | Reached XP level 2. HP: 14/14 MP: 3/3
   586 | D:1      | Reached XP level 3. HP: 18/18 MP: 4/4
   601 | D:1      | 601 ||| UPGRADING to amulet of reflection.
   606 | D:1      | 606 ||| READING scroll labelled PITZOF VAGGITT.
   607 | D:1      | 607 ||| READING scroll labelled XATZIA XEROFE.
   608 | D:1      | 608 ||| READING 2 scrolls labelled ZOIGOKEHOI.
   612 | D:1      | 612 ||| READING scroll labelled FICZID UHAETUC.
   613 | D:1      | 613 ||| READING scroll labelled NITIF NESH.
   613 | D:1      | 613 ||| IDENTIFYING murky white potion
   614 | D:1      | 614 ||| DROPPING scroll of butterflies.
  1047 | D:2      | 1047 ||| FLEEEEING.
  1048 | D:2      | 1048 ||| FLEEEEING.
  1049 | D:2      | 1049 ||| FLEEEEING.
  1050 | D:2      | 1050 ||| FLEEEEING.
  1051 | D:2      | 1051 ||| FLEEEEING.
  1052 | D:2      | 1052 ||| FLEEEEING.
  1053 | D:2      | 1053 ||| FLEEEEING.
  1056 | D:2      | 1056 ||| FLEEEEING.
  1057 | D:2      | 1057 ||| FLEEEEING.
  1058 | D:2      | 1058 ||| FLEEEEING.
  1062 | D:2      | 1062 ||| STAIRDANCE
  1078 | D:1      | 1078 ||| READING scroll labelled YTHOAL NURIA.
  1259 | D:2      | Reached XP level 4. HP: 12/22 MP: 5/5
  1469 | D:2      | 1469 ||| READING scroll of identify.
  1469 | D:2      | 1469 ||| IDENTIFYING black potion
  1470 | D:2      | 1470 ||| DRINKING 2 fizzy black potions.
  1511 | D:2      | 1511 ||| DROPPING potion of lignification.
  2161 | D:3      | 2161 ||| READING scroll labelled DYPRYU MULEFON.
  2161 | D:3      | 2161 ||| BRANDING +0 shortbow.
  2162 | D:3      | 2162 ||| DRINKING 2 amethyst potions.
  2214 | D:4      | 2214 ||| STAIRDANCE
  2258 | D:4      | Noticed a scorpion
  2259 | D:4      | 2259 ||| STAIRDANCE
  2283 | D:4      | 2283 ||| DRINKING potion of haste.
  2285 | D:4      | Killed a scorpion
  2286 | D:4      | Reached XP level 5. HP: 26/26 MP: 6/6
  2387 | D:4      | HP: 5/26 [burnt (3)]
  2388 | D:4      | HP: 2/26 [burnt (3)]
  2389 | D:4      | Incinerated by a bombardier beetle

Levels and vault maps discovered:
D:1:      lightli_arrival_flooded_house, layout_basic
D:2:      layout_basic
D:3:      layout_basic
D:4:      layout_basic, gammafunk_temple_overflow_statue,
          minmay_manual_macuahuitl

Skill      XL: |  1  2  3  4 |
---------------+-------------+-----
Dodging        | 3 4 5 |  5.0
Ranged Weapons | 5 |  5.8
Fighting       | 2 |  2.2
Stealth        | |  1.5

Action                     |  1- 3 |  4- 6 || total
---------------------------+-------+-------++-------
   Fire: Shortbow          |   132 |    75 ||   207
    Use: Scroll            |     6 |     2 ||     8
         Potion            |       |     3 ||     3
 Armour: Robe              |    19 |     8 ||    27
  Dodge: Dodged            |    58 |    18 ||    76
  Block: Other             |     5 |     4 ||     9
         Reflection        |       |     1 ||     1

Table legend:
 A = Non-vault XP
 B = Vault XP
 C = Vault XP percentage of total XP
 D = Non-vault monster count
 E = Vault monster count
 F = Vault count percentage of total count
                 A         B        C        D         E       F
            +---------+---------+-------+---------+---------+-------
      Total |     322 |       0 |   0.0 |      66 |       0 |   0.0
            +---------+---------+-------+---------+---------+-------
        D:1 |      42 |       0 |   0.0 |      23 |       0 |   0.0
        D:2 |      61 |       0 |   0.0 |      21 |       0 |   0.0
        D:3 |      41 |       0 |   0.0 |      14 |       0 |   0.0
        D:4 |     178 |       0 |   0.0 |       8 |       0 |   0.0
            +---------+---------+-------+---------+---------+-------
